 Dungeon Crawl Stone Soup version 0.31.0-2-g5a2aebc5c2 (webtiles) character file.

Game seed: 8807822302608888631

57 gelatine the Shooter (level 3, -12/27 HPs)
             Began as a Demonspawn Hunter on Jan 20, 2024.
             Mangled by Sigmund
             ... wielding a +1 heavy scythe
              (14 damage)
             ... on level 2 of the Dungeon.
             The game lasted 00:01:55 (647 turns).

gelatine the Shooter (Demonspawn Hunter)             Turns: 647, Time: 00:01:56

Health: -12/27     AC:  3    Str: 11    XL:     3   Next: 73%
Magic:  3/3        EV: 12    Int:  9    God:
Gold:   33         SH:  0    Dex: 18    Spells: 2/2 levels left

rFire   . . .        a - +0 shortbow
rCold   . . .        (shield currently unavailable)
rNeg    . . .        c - +0 leather armour
rPois   .            (no helmet)
rElec   .            (no cloak)
rCorr   .            (no gloves)
SInv    .            (no boots)
Will    .....        (no amulet)
Stlth   ++           (no ring)
HPRegen 0.24/turn    (no ring)
MPRegen 0.08/turn

%: no passive effects
@: no status effects
A: demonic guardian 1, demonic magic 1
a: no special abilities


You were on level 2 of the Dungeon.
You visited 1 branch of the dungeon, and saw 2 of its levels.

You collected 33 gold pieces.

Inventory:

Hand Weapons
 a - a +0 shortbow (weapon)
 g - a +0 sling
Armour
 c - a +0 leather armour (worn)
Scrolls
 b - a scroll of butterflies
 f - a scroll of brand weapon {unknown}
 h - a scroll of immolation {unknown}
 i - a scroll of identify {unknown}
Potions
 d - a potion of haste {unknown}
 e - a potion of might {unknown}
 j - a potion of brilliance {unknown}
 k - a potion of mutation {unknown}


   Skills:
 + Level 2.2 Fighting
 + Level 4.8 Ranged Weapons
 + Level 0.1 Armour
 + Level 1.9 Dodging
 + Level 0.8 Stealth


You had 2 spell levels left.
You didn't know any spells.
Your spell library was empty.

Dungeon Overview and Level Annotations

Branches:
Dungeon (2/15)

Altars:

Annotations:
D:2 Sigmund


Innate Abilities, Weirdness & Mutations

A weak demonic guardian rushes to your aid.
Spells you cast may paralyse adjacent enemies.


Message History

You kill the adder!
You shoot an arrow. The arrow barely misses the rat.
The arrow barely misses Sigmund.
You shoot an arrow. The arrow hits the rat.
You kill the rat!
You shoot an arrow. The arrow hits Sigmund.
Sigmund is lightly wounded.
You shoot an arrow. The arrow hits Sigmund.
Sigmund is moderately wounded.
Sigmund hits you from afar with a +1 heavy scythe!
Ouch! That really hurt!
A demonic guardian appears!
You are too injured to fight recklessly!
You swap places.
Sigmund casts a spell.
Sigmund flickers and vanishes!
Deactivating autopickup; reactivate with Ctrl-A.
Fire: a) +0 shortbow
Press: ? - help, Q - select action Shift-Dir - straight line You shoot an arrow.
Your demonic guardian avoids your attack.
Fire: a) +0 shortbow
Press: ? - help, Q - select action Shift-Dir - straight line You shoot an arrow.
Your demonic guardian avoids your attack.
Fire: a) +0 shortbow
Press: ? - help, Q - select action Shift-Dir - straight line You shoot an arrow.
Your demonic guardian avoids your attack.
You hear some strange, mumbled words.
A puff of flame appears from out of thin air!
The puff of flame misses your quasit. The puff of flame hits you!
* * * LOW HITPOINT WARNING * * *
Fire: a) +0 shortbow
Press: ? - help, Q - select action Shift-Dir - straight line You shoot an arrow.
Your demonic guardian avoids your attack.
Something hits you!
Ouch! That really hurt!
You die...

#.## ##.# ..# #..#
... #.## ... #.#
#.# #.# #.# #.#
#.####### #.#
#######.......#
##.## #@5{.....#
#.[.#######
#.######.#
#.#.......######.#
...
#...#####........#
..... #####
########## @..)!..
......# #...###
.###


You could see a friendly quasit (summoned).

Vanquished Creatures
  A gnoll (D:1)
  An adder (D:2)
  A dart slug (D:1)
  2 bats (D:1)
  3 endoplasms (D:1)
  4 goblins
  A hobgoblin (D:1)
  4 jackals (D:1)
  3 kobolds (D:1)
  3 quokkas (D:1)
  3 ball pythons (D:1)
  4 frilled lizards (D:1)
  4 rats
34 creatures vanquished.

Notes
Turn   | Place    | Note
-------+----------+-------------------------------------------
     0 | D:1      | gelatine the Demonspawn Hunter began the quest for the Orb.
     0 | D:1      | Reached XP level 1. HP: 16/16 MP: 1/1
    61 | D:1      | Reached skill level 4 in Ranged Weapons
    61 | D:1      | Gained mutation: Spells you cast may paralyse adjacent
                  | enemies. [demonic ancestry]
    61 | D:1      | Reached XP level 2. HP: 19/22 MP: 2/2
   209 | D:1      | Gained mutation: A weak demonic guardian rushes to your
                  | aid. [demonic ancestry]
   209 | D:1      | Reached XP level 3. HP: 27/27 MP: 3/3
   632 | D:2      | Noticed Sigmund
   647 | D:2      | Mangled by Sigmund

Illustrated notes

Levels and vault maps discovered:
D:1:      giann_bridges, layout_basic, kennysheep_nondescript
D:2:      layout_loops_cross, uniq_sigmund

Skill      XL: |  1 |
---------------+----+-----
Ranged Weapons | 4 |  4.8
Fighting       | |  2.2
Armour         | |  0.1
Dodging        | |  1.9
Stealth        | |  0.8

Action                     || total
---------------------------++-------
   Fire: Shortbow          ||    80
 Armour: Leather armour    ||    27
  Dodge: Dodged            ||    19
